 Dungeon Crawl Stone Soup version 0.31-a0-174-g85c54bcb58 (webtiles) character file.

Game seed: 14484200871867740052

590 qw the Shooter (level 7, -2/43 HPs)
             Began as a Gargoyle Hunter on June 15, 2023.
             Slain by a gnoll
             ... wielding a +0 halberd
             ... led by a gnoll bouda
              (9 damage)
             ... on level 5 of the Dungeon.
             The game lasted 00:01:19 (4171 turns).

qw the Shooter (Gargoyle Hunter)                    Turns: 4171, Time: 00:01:20

Health: -2/43      AC: 11    Str: 14    XL:     7   Next: 38%
Magic:  7/7        EV: 12    Int: 10    God:
Gold:   183        SH:  0    Dex: 15    Spells: 6/6 levels left

rFire   + . .        Y - +1 shortbow
rCold   . . .        (shield currently unavailable)
rNeg    + . .        g - +3 leather armour
rPois   inf          (no helmet)
rElec   +            k - +0 cloak
rCorr   .            (no gloves)
SInv    .            (no boots)
Will    .....        (no amulet)
Stlth   ++           b - ring of protection from fire
HPRegen 1.07/turn    (no ring)
MPRegen 0.10/turn

%: no passive effects
@: weakened
A: sickness immunity, AC +4, negative energy resistance 1, electricity
resistance, torment resistance 1, petrification resistance, regeneration 1,
noise suppression
a: no special abilities


You were on level 5 of the Dungeon.
You visited 1 branch of the dungeon, and saw 5 of its levels.

You collected 183 gold pieces.


Innate Abilities, Weirdness & Mutations

You are immune to sickness and miasma.
Your stone body is resilient. (AC +4)
You are immune to poison.
You resist negative energy. (rN+)
You are resistant to electric shocks. (rElec)
You are resistant to unholy torment.
You are immune to petrification.
Your natural rate of healing is unusually fast.
You passively dampen the noise of your surroundings.


   Skills:
 - Level 4.2 Fighting
 - Level 7.8 Ranged Weapons
 + Level 0.4 Armour
 - Level 2.0 Dodging
 - Level 1.1 Stealth


You had 6 spell levels left.
You didn't know any spells.
Your spell library was empty.

Inventory:

Hand Weapons
 Y - a +1 shortbow (weapon)
Armour
 g - a +3 leather armour (worn)
 k - a +0 cloak (worn)
Jewellery
 b - a ring of protection from fire (left hand)
Scrolls
 c - a scroll of teleportation
 f - a scroll of identify
Potions
 a - a potion of resistance
 d - a potion of degeneration {unknown}
 e - 5 potions of curing
 h - a potion of might {unknown}
 i - a potion of mutation

Dungeon Overview and Level Annotations

Branches:
Dungeon (5/15)
 Temple: D:4-7

Altars:
Trog
Uskayaw

Shops:
D:3 [

Annotations:
D:3 Grinder
D:4 2 runed translucent doors, Crazy Yiuf; qw's ghost, amateur GrFi


Message History

The arrow hits the gnoll bouda but does no damage.
The gnoll bouda is moderately wounded.
The gnoll hits you with a +0 flail.
You shoot an arrow. The arrow barely misses the gnoll.
The arrow hits the gnoll bouda.
The gnoll bouda is heavily wounded.
The gnoll closely misses you.
You shoot an arrow.
The arrow hits the gnoll but does no damage.
The gnoll is almost dead.
The gnoll bouda gazes fiercely through you!
You feel your attacks grow feeble.
The gnoll bouda hits you with a +0 club.
The gnoll hits you from afar with a +0 halberd!
The gnoll misses you.
You shoot an arrow. The arrow closely misses the gnoll.
The gnoll bouda closely misses you.
The gnoll hits you from afar with a +0 halberd.
The gnoll closely misses you.
You shoot an arrow. The arrow hits the gnoll.
The gnoll is almost dead.
The gnoll bouda gazes fiercely through you!
You feel as though you will be weak longer.
The gnoll hits you from afar with a +0 halberd.
You shoot an arrow. The arrow hits the gnoll.
The gnoll is almost dead.
The gnoll hits you but does no damage. x2; The gnoll misses you.
You shoot an arrow. The arrow hits the gnoll.
You kill the gnoll!
The gnoll closely misses you.
The gnoll hits you from afar with a +0 spear.
The gnoll bouda closely misses you.
The gnoll hits you from afar with a +0 halberd!
You shoot an arrow.
The arrow closely misses the gnoll bouda.
The gnoll hits you from afar with a +0 spear.
The gnoll barely misses you.
The gnoll bouda hits you but does no damage.
The gnoll hits you from afar with a +0 halberd!
You die...

....###.......####.###
.. #.##.#..........
#......#..####.###
#.#.####..####.##
..................
.#.######..####.#. #
#.<# #..# #g@# #g)#
#gg# #..# ##.# #.# #.#
...


You could see a gnoll bouda and 3 gnolls.

Vanquished Creatures
  Sigmund (D:3)
  Menkaure (D:4)
  A howler monkey (D:4)
  A jelly (D:4)
  A hound (D:4)
  An orc priest (D:4)
  2 iguanas (D:4)
  A gnoll (D:5)
  5 adders
  A worm (D:2)
  A dart slug (D:1)
  7 orcs
  9 endoplasms
  2 giant cockroaches
  10 goblins
  9 hobgoblins
  7 jackals (D:1)
  3 quokkas
  4 ball pythons
  9 bats
  4 frilled lizards
  5 kobolds
  4 rats
89 creatures vanquished.

Notes
Turn   | Place    | Note
-------+----------+-------------------------------------------
     0 | D:1      | qw the Gargoyle Hunter began the quest for the Orb.
     0 | D:1      | Reached XP level 1. HP: 12/12 MP: 1/1
     0 | D:1      | 0 ||| qw: Version: 0.2-a-29-g511e9b1
     0 | D:1      | 0 ||| qw: Game counter: 5580
     0 | D:1      | 0 ||| qw: Always use a shield: true
     0 | D:1      | 0 ||| qw: God list: Okawaru
     0 | D:1      | 0 ||| qw: Allow faded altars: false
     0 | D:1      | 0 ||| qw: Do Orc after D:15 true
     0 | D:1      | 0 ||| qw: Do second Lair branch before Depths: true
     0 | D:1      | 0 ||| qw: Lair rune preference: random
     0 | D:1      | 0 ||| qw: Plans: Normal, Zot:1-4, Slime:5, God:TSO, Crypt,
                  | Tomb, Abyss, Pan, Hells, Win
     0 | D:1      | 0 ||| PLANNING D:1-11
   105 | D:1      | Reached XP level 2. HP: 16/17 MP: 2/2
   543 | D:1      | Reached XP level 3. HP: 21/21 MP: 3/3
   645 | D:1      | Reached skill level 5 in Ranged Weapons
   840 | D:1      | 840 ||| READING scroll labelled ZOPTAHU MERIRU.
   844 | D:1      | 844 ||| READING scroll labelled GAOKLU ISKENAPREN.
   845 | D:1      | 845 ||| READING scroll labelled COROWAONAX.
   846 | D:1      | 846 ||| READING scroll labelled UTUW QUCWIRHOU.
   847 | D:1      | 847 ||| READING scroll labelled ITOOGA YLINN.
   848 | D:1      | 848 ||| DROPPING scroll of butterflies.
  1453 | D:2      | Reached skill level 3 in Fighting
  1453 | D:2      | Reached XP level 4. HP: 23/28 MP: 4/4
  1461 | D:2      | 1461 ||| FLEEEEING.
  1801 | D:2      | 1801 ||| READING scroll labelled ZEYXIA IVVYVO.
  1802 | D:2      | 1802 ||| READING scroll labelled DURIODGH OTAINN.
  1903 | D:2      | 1903 ||| READING scroll labelled ATEUCS JEGH.
  1904 | D:2      | 1904 ||| DRINKING 2 red potions.
  1905 | D:2      | 1905 ||| READING 2 scrolls of identify.
  1905 | D:2      | 1905 ||| IDENTIFYING fuming coppery potion
  1906 | D:2      | 1906 ||| DROPPING potion of invisibility.
  1956 | D:3      | Noticed a +0 falchion
  1956 | D:3      | Noticed a +0 dagger
  1957 | D:3      | Noticed a +0 spear
  1957 | D:3      | Noticed a +0 short sword
  1958 | D:3      | Noticed a +0 spear
  1958 | D:3      | Noticed a +0 short sword
  1959 | D:3      | Noticed a +0 dagger
  1960 | D:3      | Noticed a +0 falchion
  1966 | D:3      | Found a hide-covered altar of Uskayaw.
  1997 | D:3      | Noticed Sigmund
  2001 | D:3      | Killed Sigmund
  2002 | D:3      | Reached skill level 6 in Ranged Weapons
  2002 | D:3      | Reached XP level 5. HP: 32/32 MP: 5/5
  2090 | D:3      | Found Feuj's Armour Shoppe.
  2143 | D:3      | Reached XP level 6. HP: 37/37 MP: 6/6
  2148 | D:3      | Found a bloodstained altar of Trog.
  2247 | D:3      | Noticed Grinder
  2252 | D:3      | HP: 8/37 [Grinder/puff of flame (10)]
  2253 | D:3      | 2253 ||| READING 2 scrolls of teleportation.
  2983 | D:3      | 2983 ||| UPGRADING to +3 leather armour.
  2993 | D:3      | 2993 ||| DROPPING +0 leather armour.
  2994 | D:3      | 2994 ||| READING 2 scrolls labelled QAG YHAISYPRIN.
  2995 | D:3      | 2995 ||| DRINKING 4 sapphire potions.
  2996 | D:3      | 2996 ||| DRINKING 2 glowing green potions.
  2997 | D:3      | 2997 ||| DROPPING scroll of poison.
  2998 | D:3      | 2998 ||| DROPPING potion of enlightenment.
  3013 | D:3      | HP: 9/37 [Grinder/puff of flame (13)]
  3014 | D:3      | 3014 ||| READING scroll of teleportation.
  3208 | D:4      | 3208 ||| FLEEEEING.
  3209 | D:4      | 3209 ||| FLEEEEING.
  3326 | D:4      | Found a runed translucent door.
  3330 | D:4      | Noticed qw's ghost (amateur GrFi)
  3592 | D:4      | Found a runed translucent door.
  3593 | D:4      | Noticed Crazy Yiuf
  3679 | D:4      | Noticed Menkaure
  3680 | D:4      | 3680 ||| DROPPING +6 ring of intelligence.
  3683 | D:4      | 3683 ||| DRINKING 3 smoky yellow potions.
  3683 | D:4      | Gained mutation: Your body sometimes deteriorates upon
                  | taking damage. [potion of mutation]
  3683 | D:4      | Gained mutation: Your muscles are strong. (Str +4, Int/Dex
                  | -1) [potion of mutation]
  3683 | D:4      | Gained mutation: You occasionally lose the ability to drink
                  | potions when taking damage. [potion of mutation]
  3683 | D:4      | Gained mutation: Your natural rate of healing is unusually
                  | fast. [potion of mutation]
  3689 | D:4      | Killed Menkaure
  3690 | D:4      | Reached skill level 7 in Ranged Weapons
  3690 | D:4      | Reached XP level 7. HP: 40/43 MP: 7/7
  3698 | D:4      | 3698 ||| DRINKING 2 potions of mutation.
  3698 | D:4      | Lost mutation: Your muscles are strong. (Str +4, Int/Dex
                  | -1) [potion of mutation]
  3698 | D:4      | Lost mutation: You occasionally lose the ability to drink
                  | potions when taking damage. [potion of mutation]
  3698 | D:4      | Lost mutation: Your body sometimes deteriorates upon taking
                  | damage. [potion of mutation]
  3698 | D:4      | Gained mutation: You passively dampen the noise of your
                  | surroundings. [potion of mutation]
  4095 | D:4      | 4095 ||| UPGRADING to +0 cloak.
  4100 | D:4      | 4100 ||| UPGRADING to ring of protection from fire.
  4101 | D:4      | 4101 ||| READING scroll labelled VAESMEFY COJYL WEX.
  4141 | D:5      | Entered Level 5 of the Dungeon
  4171 | D:5      | HP: 7/43 [gnoll/+0 spear[a gnoll bouda] (5)]
  4171 | D:5      | Slain by a gnoll

Levels and vault maps discovered:
D:1:      psy_arrival_terrarium, layout_loops_corners, minmay_misc_feat_encased
D:2:      layout_loops_corners, minmay_tall_x
D:3:      layout_basic, nicolae_uskayaw_en_pointe, trog_hazing_becter,
          serial_shops, nicolae_shop_tiny_waterfront, uniq_grinder, uniq_sigmund
D:4:      minmay_chambers_of_twos, layout_basic, ebering_ghost_sewer_d,
          nicolae_concentric_dashed_squares_wild, minmay_diced_spiral,
          uniq_menkaure, uniq_crazy_yiuf_cottage
D:5:      layout_basic, serial_park_tiny_1, uniq_prince_ribbit1, uniq_ijyb

Skill      XL: |  1  2  3  4  5  6  7 |
---------------+----------------------+-----
Ranged Weapons | 5 6 7 |  7.8
Fighting       | 3 4 |  4.2
Dodging        | 2 |  2.0
Armour         | |  0.4
Stealth        | |  1.1

Action                     |  1- 3 |  4- 6 |  7- 9 || total
---------------------------+-------+-------+-------++-------
   Fire: Shortbow          |    98 |   115 |    74 ||   287
    Use: Scroll            |     5 |     7 |     1 ||    13
         Potion            |       |     4 |     1 ||     5
 Armour: Leather armour    |    13 |    13 |    15 ||    41
  Dodge: Dodged            |    22 |    18 |    28 ||    68

Table legend:
 A = Non-vault XP
 B = Vault XP
 C = Vault XP percentage of total XP
 D = Non-vault monster count
 E = Vault monster count
 F = Vault count percentage of total count
                 A         B        C        D         E       F
            +---------+---------+-------+---------+---------+-------
      Total |     247 |     596 |  70.7 |      64 |      25 |  28.1
            +---------+---------+-------+---------+---------+-------
        D:1 |      47 |       0 |   0.0 |      26 |       0 |   0.0
        D:2 |      29 |      18 |  38.3 |      16 |       4 |  20.0
        D:3 |      23 |     223 |  90.7 |       7 |       7 |  50.0
        D:4 |     134 |     355 |  72.6 |      14 |      14 |  50.0
        D:5 |      14 |       0 |   0.0 |       1 |       0 |   0.0
            +---------+---------+-------+---------+---------+-------
